AoeStats
← Lord_Wilfredo

Golden Pit

508745804Analyzed
1v1 RM · 8d ago on Sep 23, 2026· 22m 38s· 2 players
Game mode
Random Map
Map size
Tiny (2 player)
Population
200
Speed
Normal
Resources
Standard
Victory
Conquest
Starting age
Dark Age
Ending age
Imperial Age
RankedLock teamsTeams togetherTeam positionsShared explorationLock speedFull tech treeHidden civsTurbo modeCheats
Victory
Defeat
🇦🇷 Spanish · Argentina
1297
+16
🇦🇷 Mongols · Argentina
1296
-16
Tutu®
6:40 Loom
9:13 Feudal Age
9:52 Double-Bit Axe
10:03 Horse Collar
19:19 Castle Age
21:41 Bow Saw
21:40 Heavy Plow
22:38 Husbandry
22:45 Fletching
Lord_Wilfredo
11:44 Feudal Age
12:51 Loom
15:59 Castle Age
15:33 Double-Bit Axe
17:31 Bow Saw
19:23 Town Watch
20:35 Stone Mining
Connection lost

Rejoining the realm…

Still unreachable

The connection could not be restored.

Session expired

The server has moved on; the page needs a fresh start.